 Dungeon Crawl Stone Soup version 0.20-a0-920-gb18bc0f (webtiles) character file.

623 dvd the Insei (level 7, -15/53 HPs)
             Began as a Grey Draconian Transmuter on Mar 25, 2017.
             Was an Initiate of Wu Jian.
             Shot with an arrow by a centaur (19 damage)
             ... on level 5 of the Dungeon.
             The game lasted 00:15:40 (3781 turns).

dvd the Insei (Grey Draconian Transmuter)           Turns: 3781, Time: 00:15:40

Health: -15/53     AC:  6    Str: 12    XL:     7   Next: 22%
Magic:  16/21      EV: 21    Int: 15    God:    Wu Jian [......]
Gold:   300        SH:  0    Dex: 17    Spells: 5/12 levels left

rFire    . . .     SeeInvis .     - Unarmed
rCold    . . .     Gourm    .   (shield currently unavailable)
rNeg     . . .     Faith    .   (armour unavailable)
rPois    x         Spirit   .   (helmet currently unavailable)
rElec    .         Reflect  .   (cloak currently unavailable)
rCorr    .         Harm     .   (gloves currently unavailable)
MR       .....                  (boots currently unavailable)
Stlth    ++........             (no amulet)
Regen    0.2/turn               k - +4 ring of protection
MPRegen  0.2/turn               H - ring of magical power

@: spider-form
A: (walk through water), unfitting armour, (unbreathing), (cold-blooded), AC +11
a: End Transformation, Renounce Religion


You were on level 5 of the Dungeon.
You worshipped Wu Jian.
Wu Jian was noncommittal.
You were not hungry.
You were a venomous arachnid creature.
You visited 2 branches of the dungeon, and saw 6 of its levels.

You collected 300 gold pieces.

Inventory:

Hand Weapons
 e - a +2 dagger of draining
 m - a +2 short sword of venom
 E - the +5 dagger "Tixteg" {speed, Str+6 Stlth-, unknown}
   (You found it on level 4 of the Dungeon)

   Attacks with this weapon are significantly faster.
   It affects your strength (+6).
   It makes you less stealthy.
Missiles
 a - 39 arrows
 i - 4 javelins (quivered)
 I - 3 tomahawks
 J - 3 poisoned tomahawks
Armour
 y - a +0 cloak (melded)
Jewellery
 k - a +4 ring of protection (left front leg)
 s - an uncursed ring of see invisible
 H - a ring of magical power (right front leg)
 L - an uncursed ring of resist corrosion {unknown}
Wands
 z - a wand of clouds (3/9)
 D - a wand of acid (5/15)
 K - a wand of confusion (25/48)
Scrolls
 f - a scroll of recharging {unknown}
 g - 2 scrolls of remove curse {unknown}
 h - 7 scrolls of identify {unknown}
 j - 2 scrolls of enchant armour {unknown}
 n - 2 scrolls of immolation {unknown}
 p - 3 scrolls of teleportation {unknown}
 r - 3 scrolls of blinking {unknown}
 t - a scroll of fear {unknown}
 u - a scroll of noise {unknown}
 w - a scroll of magic mapping {unknown}
 C - a scroll of amnesia {unknown}
Potions
 d - 3 potions of heal wounds
 o - a potion of haste {unknown}
 x - a potion of ambrosia {unknown}
 A - 2 potions of degeneration {unknown}
 F - a potion of magic {unknown}
 G - 2 potions of curing {unknown}
Books
 b - a book of Changes

   Spells                             Type                      Level
   a - Beastly Appendage              Transmutation                1
   b - Sticks to Snakes               Transmutation                2
   c - Spider Form                    Transmutation/Poison         3
   d - Ice Form                       Ice/Transmutation            4
   e - Blade Hands                    Transmutation                5
 B - a book of Necromancy

   Spells                             Type                      Level
   a - Pain                           Necromancy                   1
   b - Animate Skeleton               Necromancy                   1
   c - Vampiric Draining              Necromancy                   3
   d - Regeneration                   Charms/Necromancy            3
   e - Animate Dead                   Necromancy                   4
   f - Control Undead                 Necromancy                   4
Comestibles
 c - 6 bread rations
 l - 3 meat rations
 q - 13 fruits
 v - a royal jelly
 M - 4 chunks of flesh


   Skills:
 + Level 1.7 Fighting
 + Level 3.3 Dodging
 + Level 1.3 Stealth
 + Level 5.3 Unarmed Combat
 + Level 3.4 Spellcasting
 + Level 0.4 Necromancy
 + Level 4.1 Transmutations
 + Level 1.1 Poison Magic


You had 5 spell levels left.
You knew the following spells:

 Your Spells              Type           Power        Failure   Level  Hunger
a - Beastly Appendage     Tmut           ###...       12%         1    None
b - Sticks to Snakes      Tmut           ###.....     17%         2    ##.....
c - Spider Form           Tmut/Pois      ##........   45%         3    ###....
d - Pain                  Necr           #...         36%         1    None


Dungeon Overview and Level Annotations

Branches:
Dungeon (5/15)             Temple (1/1) D:4

Altars:
Ashenzari
Cheibriados
Elyvilon
Fedhas
Hepliaklqana
Kikubaaqudgha
Makhleb
Nemelex Xobeh
Okawaru
Ru
Sif Muna
Trog
Uskayaw
Vehumet
Wu Jian
Xom
Yredelemnul
Zin
The Shining One

Shops:
D:3 *

Annotations:
D:4 Zenonira's ghost, novice FoFi


Innate Abilities, Weirdness & Mutations

((You can walk through water.))
((Your dull iron-grey scales are very hard. (AC +11)))
You cannot fit into any form of body armour.
((You can survive without breathing.))
((You are cold-blooded and may be slowed by cold attacks.))


Message History

Your ball python dies!
The centaur unwields an uncursed shortbow of flaming.
It stops flaming.
The centaur hits you.
The centaur unwields an uncursed shortbow.
The centaur closely misses you.
You see here 2 arrows.
You hit the centaur.
The centaur is poisoned.
The centaur is moderately wounded.
The centaur hits you. The centaur closely misses you.
You hit the centaur but do no damage.
The centaur is poisoned.
The centaur is lightly wounded.
The centaur closely misses you. The centaur hits you!
* * * LOW HITPOINT WARNING * * *
The centaur hits you.
* * * LOW HITPOINT WARNING * * *
The centaur hits you.
* * * LOW HITPOINT WARNING * * *
The centaur wields an uncursed shortbow of flaming.
It bursts into flame!
The centaur shoots an arrow.
The arrow hits you!!
You die...

#..........#
##########.# #.#
#.##
#####..########
........(.......
######.acc......
###(######. #s#
#.# #.# #.# #.#
#.# #.# #.#


You could see 2 centaurs and a worker ant.

Vanquished Creatures
  A sky beast (D:5)
  A centaur (D:5)
  A scorpion (D:4)
  A howler monkey (D:5)
  A hound (D:3)
  A jelly (D:5)
  2 iguanas (D:4)
  2 worker ants (D:4)
  A gnoll (D:3)
  5 adders
  2 shadow imps (D:5)
  An ooze (D:5)
  A worm (D:5)
  A leopard gecko (D:4)
  7 orcs
  6 bats
  7 giant cockroaches
  7 goblins
  12 hobgoblins
  3 jackals (D:3)
  4 kobolds
  2 quokkas
  11 frilled lizards
  6 rats
86 creatures vanquished.

Vanquished Creatures (collateral kills)
  3 gnolls (D:3)
  2 adders
  3 worms
  A jackal (D:3)
  A kobold (D:2)
  A ball python zombie (D:5)
11 creatures vanquished.

Grand Total: 97 creatures vanquished

Notes
Turn   | Place    | Note
-------+----------+-------------------------------------------
     0 | D:1      | dvd the Draconian Transmuter began the quest for the Orb.
     0 | D:1      | Reached XP level 1. HP: 16/16 MP: 3/3
   214 | D:1      | Reached XP level 2. HP: 17/23 MP: 5/5
   277 | D:1      | Learned a level 2 spell: Sticks to Snakes
   651 | D:2      | Reached XP level 3. HP: 28/28 MP: 4/6
   687 | D:2      | Learned a level 3 spell: Spider Form
  1153 | D:3      | Reached skill level 4 in Unarmed Combat
  1153 | D:3      | Reached XP level 4. HP: 11/35 MP: 4/7
  1786 | D:3      | Found a white marble altar of Elyvilon.
  1871 | D:3      | Reached XP level 5. HP: 33/40 MP: 5/8
  1976 | D:3      | Found Zin's Purification Station.
  1981 | D:3      | Found a glowing silver altar of Zin.
  2123 | D:3      | Learned a level 1 spell: Pain
  2201 | D:4      | Reached skill level 1 in Stealth
  2209 | D:4      | Found a blossoming altar of Fedhas.
  2381 | D:4      | Reached XP level 6. HP: 25/48 MP: 1/10
  2503 | D:4      | Noticed Zenonira's ghost (novice FoFi)
  2519 | D:4      | Got a faintly glowing dagger
  2614 | D:4      | Found a staircase to the Ecumenical Temple.
  2644 | Temple   | Entered the Ecumenical Temple
  2710 | Temple   | Became a worshipper of the Wu Jian Council
  2848 | D:5      | Entered Level 5 of the Dungeon
  2879 | D:5      | Noticed an ice beast
  3319 | D:5      | Noticed a sky beast
  3335 | D:5      | Killed a sky beast
  3392 | D:5      | Reached skill level 5 in Unarmed Combat
  3392 | D:5      | Reached skill level 1 in Poison Magic
  3470 | D:5      | Your scales start taking on a dull iron-grey colour.
  3470 | D:5      | Reached XP level 7. HP: 35/53 MP: 6/11
  3470 | D:5      | Gained mutation: You can survive without breathing. [Grey Draconian growth]
  3781 | D:5      | Shot with an arrow by a centaur

Vault maps used:
D:1:      noname_arrival_rooms_in_the_neighbourhood, serial_glass,
          glass_columns_a, glass_columns_b, glass_columns_a, glass_columns_c,
          glass_columns_b, glass_columns_a
D:2:      bh_walls_and_bars
D:3:      elyvilon_altar_5, zin_purify
D:4:      chequers_temple_overflow_minitemple, fedhas_altar_fruit_tree,
          minmay_temple_entry_grid, minmay_lizard_king, uniq_iyjb
D:5:      kb_forest_paths, first_bread, serial_bayou_pond_e
Temple:   nicolae_temple_x_marks_the_god

Skill      XL: |  1  2  3  4  5  6 |
---------------+-------------------+-----
Dodging        | 2 3 |  3.3
Unarmed Combat | 4 5 |  5.3
Transmutations | 3 4 |  4.1
Stealth        | 1 |  1.3
Spellcasting   | 3 |  3.4
Poison Magic   | 1 |  1.1
Fighting       | |  1.7
Necromancy     | |  0.4

Action                   |  1- 3 |  4- 6 |  7- 9 || total
-------------------------+-------+-------+-------++-------
Melee: Unarmed           |   132 |   180 |    16 ||   328
       Kick              |    13 |    18 |       ||    31
       Tailslap          |     9 |    17 |     2 ||    28
       Headbutt          |     5 |     2 |       ||     7
       Punch             |     1 |     1 |       ||     2
 Cast: Beastly Appendage |    23 |    15 |       ||    38
       Sticks to Snakes  |     5 |    16 |     3 ||    24
       Spider Form       |       |    10 |     2 ||    12
       Pain              |       |     3 |     2 ||     5
 Abil: End Transformatio |       |       |     1 ||     1
 Stab: Sleeping          |     1 |       |       ||     1
       Distracted        |       |     1 |       ||     1
  Eat: Chunk             |     2 |    10 |     1 ||    13
Armor: Skin              |    52 |    40 |     2 ||    94
Dodge: Dodged            |    87 |   159 |    22 ||   268
